 Dungeon Crawl Stone Soup version 0.31.0-9-g3a7656b989 (webtiles) character file.

Game seed: 14223170531804288977

3752 MrIGI the Grappler (level 9, -2/63 (84) HPs)
             Began as a Troll Fighter on Feb 1, 2024.
             Was a Follower of Wu Jian.
             Slain by an orc wizard
             ... wielding a +2 dagger of speed
              (3 damage)
             ... on level 7 of the Dungeon.
             The game lasted 00:16:48 (5043 turns).

MrIGI the Grappler (Troll Fighter)                  Turns: 5043, Time: 00:16:50

HP:   -2/63 (84)    AC:  5    Str: 30    XL:     9   Next: 93%
MP:   8/8           EV: 10    Int:  4    God:    Wu Jian [*.....]
Gold: 9             SH:  9    Dex: 12    Spells: 8/8 levels left

rFire   . .          .
                       - Unarmed
rCold   . . .        b - +0 kite shield
rNeg    + . .        a - +0 robe
rPois   .            (helmet restricted)
rElec   .            F - +0 cloak of the Depths {Rampage +Inv rN+ Dex+3}
rCorr   .            (gloves unavailable)
SInv    .            (boots unavailable)
Will    +....        (no amulet)
Stlth   +            p - ring of willpower
HPRegen 1.10/turn    (no ring)
MPRegen 0.11/turn

%: rampage
@: very slightly contaminated, very heavily drained, invisible
A: large, unfitting armour, claws 3, regeneration 1, shaggy fur 1, tough skin 1
a: Renounce Religion, Evoke Invisibility


You were on level 7 of the Dungeon.
You worshipped Wu Jian.
Wu Jian was aware of your devotion.
You visited 2 branches of the dungeon, and saw 8 of its levels.

You collected 361 gold pieces.
You spent 352 gold pieces at shops.

Inventory:

Hand Weapons
 w - a +3 quarterstaff of chaos
 z - a +2 dagger of speed
Missiles
 s - 4 javelins (quivered)
Armour
 a - a +0 robe (worn)
 b - a +0 kite shield (worn)
 q - a scarf of resistance
 F - the +0 cloak of the Depths (worn) {Rampage +Inv rN+ Dex+3}
   (You bought it in a shop on level 5 of the Dungeon)

   Dex+3:     It affects your dexterity (+3).
   rN+:       It protects you from negative energy.
   +Inv:      It lets you turn invisible.
   Rampage:   It bestows one free step when moving towards enemies.
Jewellery
 p - a ring of willpower (left claw)
Wands
 r - a wand of charming (15)
Scrolls
 d - 2 scrolls of fear {unknown}
 e - a scroll of enchant armour {unknown}
 f - 7 scrolls of identify {unknown}
 k - a scroll of silence {unknown}
 m - a scroll of brand weapon {unknown}
 t - 4 scrolls of teleportation {unknown}
 u - 2 scrolls of vulnerability {unknown}
 v - a scroll of amnesia {unknown}
 x - a scroll of blinking {unknown}
 y - 2 scrolls of revelation {unknown}
 A - a scroll of poison {unknown}
 C - a scroll of acquirement {unknown}
 D - a scroll of fog {unknown}
Potions
 c - a potion of might
 g - 4 potions of heal wounds {unknown}
 h - a potion of haste {unknown}
 i - 2 potions of mutation {unknown}
 j - 2 potions of invisibility {unknown}
 l - 2 potions of enlightenment {unknown}
 n - 2 potions of curing
 o - a potion of degeneration {unknown}
 B - 2 potions of lignification {unknown}
 E - a potion of resistance {unknown}


   Skills:
 * Level 4.2 Fighting
 + Level 2.2 Throwing
 + Level 4.6 Dodging
 * Level 5.6 Shields
 + Level 11.1 Unarmed Combat
 + Level 1.4 Evocations


You had 8 spell levels left.
You didn't know any spells.
Your spell library contained the following spells:

 Spells                   Type           Power      Damage    Failure   Level
 Foxfire                  Conj/Fire      0%         2x1d4     71%         1
 Sandblast                Erth           0%         2d4       71%         1
 Cigotuvi's Dreadful Rot  Necr/Alch/Air  0%         N/A       83%         2
 Fugue of the Fallen      Necr           0%         N/A       97%         3
 Hailstorm                Conj/Ice       0%         3d5       97%         3
 Ozocubu's Armour         Ice            0%         N/A       97%         3
 Passwall                 Erth           0%         N/A       97%         3
 Stone Arrow              Conj/Erth      0%         3d7       97%         3
 Summon Ice Beast         Ice/Summ       0%         N/A       97%         3
 Brom's Barrelling Bould  Conj/Erth      0%         2d3       100%        4
 Dispel Undead            Necr           0%         3d6       100%        4
 Manifold Assault         Tloc           0%         N/A       100%        4
 Martyr's Knell           Necr/Summ      0%         N/A       100%        4
 Death Channel            Necr           0%         N/A       100%        6
 Plasma Beam              Fire/Air       0%         2x1d10    100%        6
 Sculpt Simulacrum        Ice/Alch       0%         N/A       100%        6
 Starburst                Conj/Fire      0%         6d3       100%        6


Dungeon Overview and Level Annotations

Branches:
Dungeon (7/15)             Temple (1/1) D:4

Altars:
Ashenzari
Cheibriados
Dithmenos
Elyvilon
Fedhas
Gozag
Hepliaklqana
Kikubaaqudgha
Makhleb
Nemelex Xobeh
Okawaru
Ru
Sif Muna
Trog
Uskayaw
Vehumet
Wu Jian
Xom
Yredelemnul
Zin
The Shining One

Shops:
D:5 **   D:7 *


Innate Abilities, Weirdness & Mutations

You are too large for most types of armour.
You have claws for hands.
Your natural rate of healing is unusually fast.
You are covered in fur. (AC +1)
You have tough skin. (AC +1)


Message History

The puff of flame hits you. You block the wight's attack.
The wight closely misses you. The wight hits you but does no damage.
Something unexpectedly blocks you, preventing you from rampaging!
You closely miss something. Something hits you.
The wight hits you with a +3 flail of freezing!
You partially resist.
You feel drained. The wight freezes you. You block the wight's attack.
The wight hits you with a +2 long sword.
Something hits you.
Something unexpectedly blocks you, preventing you from rampaging!
You miss something.
The wight hits you with a +3 flail of freezing!
The wight freezes you. The wight closely misses you. x2
Something hits you but does no damage.
Something unexpectedly blocks you, preventing you from rampaging!
You miss something.
The wight hits you with a +3 flail of freezing!
The wight freezes you.
The wight hits you with a +2 long sword.
You partially resist.
You feel drained. Something hits you.
* * * LOW HITPOINT WARNING * * *
The wight hits you with a +3 war axe!
* * * LOW HITPOINT WARNING * * *
You partially resist.
You feel drained.
You feel drained.
You fail to use your ability.
You hear some strange, mumbled words.
A puff of flame appears from out of thin air!
You block the puff of flame. The wight closely misses you.
You block the wight's attack.
The wight hits you with a +2 long sword!
* * * LOW HITPOINT WARNING * * *
You partially resist.
You feel drained.
You feel drained.
You fade into invisibility!
You are very lightly contaminated with residual magic.
Something hits you.
* * * LOW HITPOINT WARNING * * *
The wight barely misses you. The wight misses you.
The wight closely misses you. Something hits you.
You die...

#.# #...####
#.##.####
#....)))
#.##....#
#...#### '
#.##.####
##### #
...o#.##)##
#
.....o.)..#
#
....#o#####
# # #{# ###
...#####@###
#..
.......zzz.#
#..
........z..#
#..
..)........#
#..
###........#
###..
#........#
#....
#........#
##....
#........#
#....≈
######.###
#.≈≈≈≈


You could see 4 wights, an orc priest (unable to see you) and an orc (unable to
see you).

Vanquished Creatures
  A two-headed ogre (D:6)
  Grinder (D:4)
  Sigmund (D:6)
  Eustachio (D:4)
  4 yaks (D:6)
  Menkaure (D:6)
  A water moccasin (D:6)
  An ogre (D:6)
  A sky beast (D:7)
  A centaur (D:6)
  3 phantoms
  Blork the orc (D:6)
  2 bullfrogs
  A gnoll sergeant (D:5)
  4 wights (D:7)
  3 howler monkeys
  2 bombardier beetles (D:4)
  A gnoll bouda (D:7)
  3 jellies
  3 hounds
  2 orc priests (D:5)
  Crazy Yiuf (D:4)
  3 iguanas
  Natasha (D:4)
  2 orc wizards
  2 sleepcaps
  10 gnolls
  6 adders
  A shadow imp (D:5)
  2 ufetubi (D:3)
  A ribbon worm (D:2)
  11 orcs
  7 bats
  9 endoplasms
  4 giant cockroaches
  4 goblins
  5 hobgoblins
  8 jackals
  8 quokkas
  8 ball pythons
  4 frilled lizards
  6 kobolds
  4 rats
145 creatures vanquished.

Notes
Turn   | Place    | Note
-------+----------+-------------------------------------------
     0 | D:1      | MrIGI the Troll Fighter began the quest for the Orb.
     0 | D:1      | Reached XP level 1. HP: 22/22 MP: 0/0
   134 | D:1      | Reached XP level 2. HP: 29/29 MP: 1/1
   692 | D:2      | Reached XP level 3. HP: 34/36 MP: 2/2
  1005 | D:2      | Reached skill level 3 in Unarmed Combat
  1195 | D:3      | Reached XP level 4. HP: 41/44 MP: 3/3
  1349 | D:3      | Noticed a phantom
  1387 | D:2      | Killed a phantom
  1388 | D:2      | Reached skill level 4 in Unarmed Combat
  1388 | D:2      | Reached XP level 5. HP: 24/52 MP: 4/4
  1708 | D:4      | Noticed Grinder
  1802 | D:5      | Entered Level 5 of the Dungeon
  1873 | D:5      | Reached skill level 5 in Unarmed Combat
  1873 | D:5      | Reached XP level 6. HP: 56/59 MP: 5/5
  2048 | D:6      | Noticed a water moccasin
  2200 | D:4      | Found a staircase to the Ecumenical Temple.
  2235 | Temple   | Entered the Ecumenical Temple
  2326 | Temple   | Became a worshipper of the Wu Jian Council
  2395 | D:4      | Reached skill level 6 in Unarmed Combat
  2410 | D:4      | Reached XP level 7. HP: 67/67 MP: 6/6
  2540 | D:4      | Found a runed translucent door.
  2541 | D:4      | Noticed Crazy Yiuf
  2575 | D:4      | Noticed Eustachio
  2599 | D:4      | Killed Eustachio
  2715 | D:4      | Noticed Natasha
  2718 | D:4      | Killed Natasha
  2739 | D:4      | Reached skill level 7 in Unarmed Combat
  2843 | D:4      | Killed Grinder
  2989 | D:4      | Killed Crazy Yiuf
  3109 | D:5      | Reached XP level 8. HP: 75/75 MP: 7/7
  3136 | D:5      | Found Tierisan's General Store.
  3136 | D:5      | Found Parphasee's General Store.
  3145 | D:5      | Reached skill level 8 in Unarmed Combat
  3181 | D:5      | Bought a potion of curing for 33 gold pieces
  3406 | D:5      | Reached * piety under Wu Jian
  3647 | D:6      | Reached skill level 1 in Throwing
  3696 | D:6      | Noticed Sigmund
  3926 | D:6      | Noticed Blork the orc
  3934 | D:6      | Killed Blork the orc
  3965 | D:6      | Reached skill level 9 in Unarmed Combat
  3970 | D:6      | Reached skill level 1 in Evocations
  3980 | D:6      | Reached XP level 9. HP: 37/83 MP: 8/8
  4272 | D:6      | Reached skill level 10 in Unarmed Combat
  4447 | D:6      | Noticed Menkaure
  4448 | D:6      | Noticed a two-headed ogre
  4450 | D:6      | Killed Sigmund
  4452 | D:6      | Killed Menkaure
  4457 | D:6      | Killed a two-headed ogre
  4458 | D:6      | Reached skill level 5 in Shields
  4786 | D:7      | Reached skill level 11 in Unarmed Combat
  4864 | D:7      | Found an opulent altar of Gozag.
  4864 | D:7      | Found Gozag's Platinum Reserve.
  4954 | D:5      | Bought the +0 cloak of the Depths {Rampage +Inv rN+ Dex+3}
                  | for 319 gold pieces
  5042 | D:7      | HP: 3/73 [wight/+2 long sword (10)]
  5043 | D:7      | HP: 1/63 [something (4)]
  5043 | D:7      | Slain by an orc wizard

Illustrated notes

Levels and vault maps discovered:
D:1:      ncdulo_lavacross, layout_basic
D:2:      layout_loops_ring
D:3:      layout_rooms, st_stairs_9
D:4:      cheibrodos_old_hovel, layout_rooms, minmay_temple_entry_tees,
          minmay_fractal_squares_gapless_5, uniq_eustachio,
          uniq_crazy_yiuf_cottage, uniq_grinder, uniq_natasha
D:5:      layout_basic, serial_shops, shop, shop
D:6:      layout_cave_pods, uniq_menkaure, uniq_blork_the_orc, uniq_sigmund
D:7:      layout_basic, nicolae_gozag_zags_fifth_avenue
Temple:   mainiacjoe_temple_cubbyholes

Skill      XL: |  1  2  3  4  5  6  7  8  9 |
---------------+----------------------------+-----
Shields        | 3 4 5 |  5.6
Unarmed Combat | 3 4 5 6 7 9 11 | 11.1
Dodging        | 3 4 |  4.6
Fighting       | 3 4 |  4.2
Throwing       | 2 |  2.2
Evocations     | 1 |  1.4

Action                     |  1- 3 |  4- 6 |  7- 9 || total
---------------------------+-------+-------+-------++-------
  Melee: Unarmed           |   109 |   126 |   180 ||   415
  Throw: Javelin           |       |       |     1 ||     1
Ability: Lunge             |       |       |    22 ||    22
         Whirlwind         |       |       |     3 ||     3
         Evoke Invisibilit |       |       |     1 ||     1
   Stab: Sleeping          |       |       |     2 ||     2
 Armour: Robe              |    45 |    82 |   113 ||   240
  Dodge: Dodged            |    34 |    52 |    54 ||   140
  Block: Kite shield       |    36 |    56 |    68 ||   160
